 Dungeon Crawl Stone Soup version 0.28-a0-563-gf77a47075d (webtiles) character file.

Game seed: 10319585268679191849

76 jasper the Slasher (level 4, -5/34 HPs)
             Began as a Vampire Gladiator on Sept 30, 2021.
             Slain by a goblin (17 damage)
             ... led by Robin
             ... on level 2 of the Dungeon.
             The game lasted 00:02:44 (1072 turns).

jasper the Slasher (Vampire Gladiator)              Turns: 1072, Time: 00:02:44

Health: -5/34      AC:  6    Str: 13    XL:     4   Next: 12%
Magic:  4/4        EV: 12    Int: 10    God:
Gold:   100        SH:  0    Dex: 16    Spells: 2/3 levels left

rFire   . . .      SeeInvis +   a - +0 long sword
rCold   . . .      Faith    .   (no shield)
rNeg    . . .      Spirit   .   f - +0 ring mail
rPois   .          Reflect  .   c - +0 helmet
rElec   .          Harm     .   (no cloak)
rCorr   .          Rampage  .   (no gloves)
Will    .....                   (no boots)
Stlth   ++........              (no amulet)
HPRegen 0.31/turn               (no ring)
MPRegen 0.09/turn               (no ring)

@: healing quickly
A: alive, fangs 3, see invisible, vampiric 2
a: Exsanguinate


You were on level 2 of the Dungeon.
You visited 1 branch of the dungeon, and saw 2 of its levels.

You collected 100 gold pieces.

Inventory:

Hand Weapons
 a - a +0 long sword (weapon)
Missiles
 d - 3 throwing nets
 g - 41 stones (quivered)
Armour
 b - a +0 leather armour
 c - a +0 helmet (worn)
 f - a +0 ring mail (worn)
 j - a +0 scale mail
Jewellery
 h - a ring of wizardry
Wands
 k - a wand of iceblast (9)
Scrolls
 e - 2 scrolls of enchant armour {unknown}
 i - a scroll of teleportation


   Skills:
 + Level 2.3 Fighting
 * Level 3.9 Long Blades
 - Level 1.5 Throwing
 + Level 3.8 Dodging
 + Level 2.6 Stealth


You had 2 spell levels left.
You knew the following spells:

 Your Spells              Type           Power      Damage    Failure   Level
a - Animate Skeleton      Necr           0%         N/A       63%         1

Your spell library contained the following spells:

 Spells                   Type           Power      Damage    Failure   Level
 Pain                     Necr           0%         1d4       63%         1
 Summon Small Mammal      Summ           0%         N/A       63%         1
 Call Canine Familiar     Summ           0%         N/A       94%         3
 Summon Guardian Golem    Hex/Summ       0%         N/A       94%         3
 Vampiric Draining        Necr           0%         2d6       94%         3


Dungeon Overview and Level Annotations

Branches:
Dungeon (2/15)

Altars:

Shops:
D:2 (


Innate Abilities, Weirdness & Mutations

Your natural rate of healing is accelerated.
You have razor-sharp teeth.
You have supernaturally acute eyesight. (SInv)
You are afflicted with vampirism and can become a bat while bloodless.


Message History

The goblin hits you with a +0 club. Robin closely misses you.
You take 3 damage, and have 22/27 hp.
You barely miss Robin.
Robin is moderately wounded.
The goblin hits you with a +0 club. Robin barely misses you.
You take 2 damage, and have 20/27 hp.
You hit Robin.
Robin is heavily wounded.
The goblin no longer looks unusually strong. x2
The goblin misses you. Robin barely misses you.
You barely miss Robin.
Robin is heavily wounded.
The goblin no longer looks unusually strong.
The goblin hits you but does no damage. The goblin hits you with a +0 club.
You take 2 damage, and have 19/27 hp.
You hit Robin. Your bite misses Robin.
Robin is severely wounded.
Robin laughs in a distinctly smug fashion.
Robin hits you but does no damage. The goblin hits you but does no damage.
You hit Robin.
You kill Robin!
The goblin barely misses you.
You have reached level 4!
You regained 6 hp, and now have 25/34 hp.
MP restored: 4 You barely miss the goblin.
Your bite misses the goblin. The goblin hits you but does no damage.
The goblin hits you with a +2 dagger of electrocution.
You take 3 damage, and have 22/34 hp.
You barely miss the goblin. The goblin hits you with a +0 club.
The goblin hits you with a +2 dagger of electrocution!
You take 9 damage, and have 13/34 hp.
MASSIVE DAMAGE!!
You closely miss the goblin.
The goblin no longer looks unusually strong.
The goblin closely misses you.
The goblin hits you but does no damage. x2
You miss the goblin.
The goblin hits you with a +2 dagger of electrocution.
You are electrocuted!
Ouch! That really hurt!
You die...

..##..#######
..'....^..... ...
..###.####### #.#
..# #..# #.# ###
##.# #.#
######.#########g#
.........†....##g#
#############.##g#
##...§.#.# #.##@#
#..§§§§§+####.##g#
#.≈≈§§≈§...##[##.#
#∩§≈§§≈....##.##.#
#.≈§≈§≈....##.##.#
#..§§≈.....##.##.#
##.....##..##†##.#
#######......##.#
###†.####.#


You could see 4 goblins.

Vanquished Creatures
  Robin (D:2)
  2 adders (D:2)
  A dart slug (D:1)
  2 ball pythons (D:1)
  4 bats
  5 endoplasms (D:1)
  2 giant cockroaches (D:1)
  4 goblins
  4 hobgoblins
  4 jackals (D:1)
  3 kobolds (D:1)
  A quokka (D:1)
  A frilled lizard (D:1)
  8 rats
42 creatures vanquished.

Notes
Turn   | Place    | Note
-------+----------+-------------------------------------------
     0 | D:1      | jasper the Vampire Gladiator began the quest for the Orb.
     0 | D:1      | Reached XP level 1. HP: 16/16 MP: 1/1
   151 | D:1      | Reached skill level 1 in Stealth
   151 | D:1      | Reached XP level 2. HP: 22/22 MP: 2/2
   506 | D:1      | Gained mutation: You are afflicted with vampirism and can
                  | become a bat while bloodless. [Vampire growth]
   506 | D:1      | Reached XP level 3. HP: 24/27 MP: 3/3
   540 | D:1      | Found a faded altar of an unknown god.
   864 | D:2      | Learned a level 1 spell: Animate Skeleton
   913 | D:2      | Found Weisicen's Weapon Shoppe.
  1052 | D:2      | Noticed Robin
  1068 | D:2      | Killed Robin
  1069 | D:2      | Reached XP level 4. HP: 25/34 MP: 4/4
  1072 | D:2      | Slain by a goblin

Illustrated notes

Levels and vault maps discovered:
D:1:      dpeg_arrival_prison, layout_loops_ring,
          hellmonk_ecumenical_altar_lost_god
D:2:      layout_basic, serial_shops, nicolae_lakefront_shop, uniq_robin

Skill      XL: |  1  2  3 |
---------------+----------+-----
Stealth        | 1 2 |  2.6
Fighting       | 2 |  2.3
Long Blades    | |  3.9
Throwing       | |  1.5
Dodging        | |  3.8

Action                   |  1- 3 |  4- 6 || total
-------------------------+-------+-------++-------
Melee: Long sword        |   117 |     4 ||   121
       Bite              |    13 |       ||    13
Throw: Stone             |    14 |       ||    14
  Use: Scroll            |     2 |       ||     2
 Stab: Sleeping          |     1 |       ||     1
Armor: Ring mail         |    43 |     3 ||    46
       Leather armour    |     2 |       ||     2
       Scale mail        |     3 |       ||     3
Dodge: Dodged            |    78 |     1 ||    79

Table legend: (Time is in decaauts)
 A = Elapsed time spent in this place.
 B = Non-inter-level travel time spent in this place.
 C = Inter-level travel time spent in this place.
 D = Time resting spent in this place.
 E = Time spent auto-exploring this place.
 F = Levels seen in this place.
 G = Mean time per level.
                   A        B        C        D        E       F      G
               +--------+--------+--------+--------+--------+-----+--------+
         Total |   1100 |   1077 |     23 |      9 |    647 |   2 |  550.0 |
       Dungeon |   1100 |   1077 |     23 |      9 |    647 |   2 |  550.0 |
               +--------+--------+--------+--------+--------+-----+--------+

Top non-repeatable levels by time:
     D:1: 835 daAuts
     D:2: 264 daAuts
